 Dungeon Crawl Stone Soup version 0.15.2 (webtiles) character file.

252 NTAmi the Chiller (level 6, -4/45 (47) HPs)
             Began as a Ghoul Ice Elementalist on Mar 4, 2015.
             Slain by terminal's ghost (5 damage)
             ... on Level 4 of the Dungeon on Mar 6, 2015.
             The game lasted 00:39:23 (3228 turns).

NTAmi the Chiller (Ghoul Ice Elementalist)          Turns: 3228, Time: 00:39:23

HP  -4/45 (47)   AC  5     Str 12      XL: 6   Next: 13%
MP   6/12        EV 12     Int 12      God:
Gold 253         SH  0     Dex  9      Spells:  3 memorised,  6 levels left

rFire  . . .     SeeInvis +     m - +4 war axe
rCold  + + .     Clarity  .     a - +0 robe
rNeg   + + +     rCorr    .     (no shield)
rPois  +         rRot     +     (no helmet)
rElec  .         Spirit   .     l - +2 cloak
SustAb .         Warding  .     (no gloves)
rMut   .         Stasis   .     (no boots)
Saprov + + +                    (no amulet)
MR     ++...                    p - ring of Gius {rC+ MR++}
                                d - ring of see invisible

@: very slightly contaminated, rotting, very resistant to hostile enchantments,
unstealthy
A: rotting body, claws 1, carnivore 3, cold resistance 1, negative energy
resistance 3, poison resistance, saprovore 3, slow healing 1, torment
resistance, unbreathing
a: no special abilities


You were on level 4 of the Dungeon.
You were not hungry.

You visited 1 branch of the dungeon, and saw 5 of its levels.

You collected 253 gold pieces.

Inventory:

Hand weapons
 h - a +0 shortbow
 k - a +0 dagger
 m - a +4 war axe (weapon)
 o - a +0 club
 q - a +0 flail
 r - a +0 mace
 y - a +0 dagger
 C - a +0 short sword
 K - a +0 hunting sling
 V - a +0 hand axe of electrocution
Missiles
 c - 115 stones
 j - 50 arrows
 x - 6 bolts of frost
 N - 4 tomahawks (quivered)
Armour
 a - a +0 robe (worn)
 f - the +2 ring mail of Limitation {Stlth--}
   (You found it on level 4 of the Dungeon)

   It makes you much less stealthy.
 g - a +0 shield
 l - a +2 cloak (worn)
Comestibles
 s - a chunk of rat flesh
 v - a chunk of bat flesh
 z - 3 meat rations
Scrolls
 e - a scroll of identify
 u - a scroll of enchant armour
 G - a scroll of enchant weapon
 I - 3 scrolls of teleportation
 O - a scroll of immolation {unknown}
 S - a scroll of fear {unknown}
Jewellery
 d - a ring of see invisible (left claw)
 p - the ring of Gius (right claw) {rC+ MR++}
   (You found it on level 4 of the Dungeon)

   [ring of protection from cold]

   It protects you from cold.
   It affects your resistance to hostile enchantments.
Potions
 n - a potion of cure mutation {unknown}
 t - a potion of might {unknown}
Books
 b - a book of Frost

   Spells                             Type                      Level
   *Freeze                            Ice                          1
   *Throw Frost                       Conjuration/Ice              2
   *Ozocubu's Armour                  Charms/Ice                   3
   Throw Icicle                       Conjuration/Ice              4
   Summon Ice Beast                   Ice/Summoning                4
   Condensation Shield                Ice                          4
 i - a book of Summonings

   Spells                             Type                      Level
   Abjuration                         Summoning                    3
   Recall                             Summoning/Translocation      3
   Shadow Creatures                   Summoning                    5
   Summon Demon                       Summoning                    5
   Summon Forest                      Summoning/Translocation      5
   Monstrous Menagerie                Summoning                    6


   Skills:
 + Level 1.0 Fighting
 * Level 0.5 Axes
 + Level 0.8 Throwing
 + Level 3.0 Dodging
 + Level 2.2 Stealth
 + Level 0.2 Unarmed Combat
 + Level 3.6 Spellcasting
 * Level 1.5 Conjurations
 + Level 3.9 Ice Magic


You had 6 spell levels left.
You knew the following spells:

 Your Spells              Type           Power        Failure   Level  Hunger
a - Freeze                Ice            ##..         6%          1    #......
b - Throw Frost           Conj/Ice       #.....       12%         2    ##.....
c - Ozocubu's Armour      Chrm/Ice       #.......     34%         3    ###....


Dungeon Overview and Level Annotations

Branches:
Dungeon (5/15)
 Temple: D:4-7

Altars:
Elyvilon

Annotations:
D:4 terminal's ghost, weakling DDFi


Innate Abilities, Weirdness & Mutations

Your body is rotting away.
You have sharp fingernails.
You are carnivorous and can eat meat at any time.
Your flesh is cold resistant.
You are immune to negative energy.
Your system is resistant to poisons.
You thrive on rotten meat.
You heal slowly when monsters are visible.
You are immune to unholy pain and torment.
You can survive without breathing.


Message History

* * * LOW HITPOINT WARNING * * *
Drink which item? (? for menu, Esc to quit)
You feel better. Terminal's ghost hits you.
You closely miss terminal's ghost.
Terminal's ghost is severely damaged.
Terminal's ghost hits you!
* * * LOW HITPOINT WARNING * * *
Terminal's ghost screams, "Zot is a myth, the ORB is a fable, you'll soon be a tale!"
Terminal's ghost hits you.
* * * LOW HITPOINT WARNING * * *
Drink which item? (? for menu, Esc to quit)
You feel better. Terminal's ghost barely misses you.
You slash terminal's ghost!
Terminal's ghost is almost destroyed.
Terminal's ghost hits you!
* * * LOW HITPOINT WARNING * * *
You barely miss terminal's ghost.
Terminal's ghost is almost destroyed.
Terminal's ghost hits you.
You die...

#.# #......
#.#######...... #
#>.....##......
#.####.####..#......
#.#....#####.#......
#.........##........
......#....##.###.......
.... #W...##.###.......
.....#@................
......#...###.####..####
.......#...# # ##.##
#.......#...###. #..#
#...............# ##.##
#.......#...##..######..##
#.......#................#
#.......#....#...........#
#.....<.###.##.........#.#


You could see terminal's ghost.

Vanquished Creatures
  A centaur (D:5)
  4 gnolls
  6 adders
  A worm (D:2)
  3 giant geckos
  7 orcs
  10 hobgoblins
  7 jackals
  4 quokkas
  7 bats
  A giant cockroach (D:4)
  2 giant newts (D:1)
  11 goblins
  7 kobolds
  6 rats
77 creatures vanquished.

Notes
Turn   | Place    | Note
--------------------------------------------------------------
     0 | D:1      | NTAmi, the Ghoul Ice Elementalist, began the quest for the Orb.
     0 | D:1      | Reached XP level 1. HP: 14/14 MP: 2/2
   384 | D:1      | Reached XP level 2. HP: 17/20 MP: 1/4
   584 | D:1      | Learned a level 2 spell: Throw Frost
   593 | D:2      | Reached XP level 3. HP: 16/26 MP: 2/6
   848 | D:1      | Learned a level 3 spell: Ozocubu's Armour
  1263 | D:1      | Reached XP level 4. HP: 21/34 MP: 0/8
  1641 | D:3      | Reached skill level 1 in Conjurations
  1799 | D:2      | Reached XP level 5. HP: 30/39 MP: 0/10
  1914 | D:4      | Noticed terminal's ghost (weakling DDFi)
  2032 | D:3      | Found a white marble altar of Elyvilon.
  2184 | D:3      | Reached skill level 1 in Fighting
  2836 | D:4      | Got a blackened ring mail
  2898 | D:5      | Entered Level 5 of the Dungeon
  2903 | D:5      | Noticed a centaur
  2912 | D:5      | Killed a centaur
  2912 | D:5      | Reached XP level 6. HP: 10/47 MP: 6/12
  2962 | D:4      | Identified the +2 ring mail of Limitation {Stlth--} (You found it on level 4 of the Dungeon)
  3092 | D:4      | Got a twitching copper ring
  3093 | D:4      | Identified the ring of Gius {rC+ MR++} (You found it on level 4 of the Dungeon)
  3227 | D:4      | HP: 1/45 [terminal's ghost (11)]
  3228 | D:4      | Slain by terminal's ghost

Action                   |  1- 3 |  4- 6 || total
-------------------------+-------+-------++-------
Melee: Dagger            |    46 |    24 ||    70
       Unarmed           |     5 |       ||     5
       Hand axe          |       |    13 ||    13
       War axe           |       |    11 ||    11
Throw: Stone             |     5 |       ||     5
       Tomahawk          |     6 |    22 ||    28
 Cast: Freeze            |    38 |    52 ||    90
       Throw Frost       |     5 |    31 ||    36
  Use: Scroll            |     2 |     8 ||    10
       Potion            |       |     4 ||     4
 Stab: Sleeping          |     1 |     1 ||     2
  Eat: Chunk             |    23 |    30 ||    53
